 Dungeon Crawl Stone Soup version 0.25-a0-578-gc91f01c39c (webtiles) character file.

Game seed: 1207866300539969616, levelgen mode: deterministic

28 Qbius the Skirmisher (level 3, -1/30 HPs)
             Began as a Merfolk Berserker on Mar 4, 2020.
             Was a Follower of Trog.
             Slain by a hobgoblin (4 damage)
             ... on level 2 of the Dungeon.
             The game lasted 00:03:37 (1087 turns).

Qbius the Skirmisher (Merfolk Berserker)            Turns: 1087, Time: 00:03:38

Health: -1/30      AC:  2    Str: 18    XL:     3   Next: 14%
Magic:  3/3        EV: 13    Int:  6    God:    Trog [*.....]
Gold:   61         SH:  0    Dex: 13    Spells: 2/2 levels left

rFire    . . .     SeeInvis .   a - +0 mace
rCold    . . .     Gourm    .   (no shield)
rNeg     . . .     Faith    .   b - +0 animal skin
rPois    .         Spirit   .   (no helmet)
rElec    .         Reflect  .   (no cloak)
rCorr    .         Harm     .   (no gloves)
MR       .....                  (no boots)
Stlth    +.........             (no amulet)
HPRegen  0.10/turn              (no ring)
MPRegen  0.08/turn              (no ring)

@: no status effects
A: change form in water, swift swim, stealthy swim
a: Berserk, Renounce Religion


You were on level 2 of the Dungeon.
You worshipped Trog.
Trog was aware of your devotion.
You were hungry.

You visited 1 branch of the dungeon, and saw 2 of its levels.

You collected 61 gold pieces.

Inventory:

Hand Weapons
 a - a +0 mace (weapon)
Armour
 b - a +0 animal skin (worn)
Jewellery
 j - an uncursed amulet of the acrobat {unknown}
Scrolls
 d - a scroll of immolation {unknown}
 e - a scroll of random uselessness {unknown}
 f - 2 scrolls of remove curse {unknown}
 g - 2 scrolls of noise {unknown}
 h - a scroll of identify {unknown}
 i - a scroll of enchant weapon {unknown}
 l - a scroll of magic mapping {unknown}
Potions
 k - a potion of haste {unknown}
Comestibles
 c - a ration


   Skills:
 + Level 3.7 Fighting
 + Level 2.8 Maces & Flails
 + Level 1.6 Armour
 + Level 3.1 Dodging


You had 2 spell levels left.
You didn't know any spells.
Your spell library was empty.

Dungeon Overview and Level Annotations

Branches:
Dungeon (2/15)

Altars:


Message History

You hit the worm.
The worm is moderately wounded.
You hit the worm.
The worm is severely wounded.
The worm misses you.
You sock the worm!
You kill the worm!
Trog accepts your kill.
You closely miss the hobgoblin. The hobgoblin closely misses you.
The hobgoblin hits you but does no damage.
You barely miss the hobgoblin. The hobgoblin closely misses you.
You barely miss the hobgoblin. The hobgoblin closely misses you.
You closely miss the hobgoblin. The hobgoblin closely misses you.
You closely miss the hobgoblin. The hobgoblin closely misses you.
The hobgoblin hits you.
* * * LOW HITPOINT WARNING * * *
You hit the hobgoblin.
The hobgoblin is moderately wounded.
The hobgoblin hits you.
You die...

... ..# .. ..
.# .#
##########.#
?......@g..#
.########..#
#.[#
########w.#
..........#
#####....#####
#..........
#.#.<##.####
.........##.#


You could see a hobgoblin.

Vanquished Creatures
  A worm (D:2)
  2 leopard geckos (D:1)
  3 bats (D:1)
  A giant cockroach (D:1)
  4 goblins
  A hobgoblin (D:1)
  2 jackals (D:1)
  4 kobolds (D:1)
  5 rats
23 creatures vanquished.

Notes
Turn   | Place    | Note
-------+----------+-------------------------------------------
     0 | D:1      | Qbius the Merfolk Berserker began the quest for the Orb.
     0 | D:1      | Reached XP level 1. HP: 18/18 MP: 1/1
   198 | D:1      | Reached XP level 2. HP: 16/24 MP: 2/2
  1075 | D:2      | Reached XP level 3. HP: 14/30 MP: 3/3
  1087 | D:2      | Slain by a hobgoblin

Levels and vault maps discovered:
D:1:      ebering_trefoil_3fold, layout_basic
D:2:      layout_loops_ring, overflow_temple_1_default, first_ration

Skill      XL: |  1  2 |
---------------+-------+-----
Dodging        | 3 |  3.1
Fighting       | |  3.7
Maces & Flails | |  2.8
Armour         | |  1.6

Action                   || total
-------------------------++-------
Melee: Mace              ||    91
 Stab: Sleeping          ||     1
Armor: Animal skin       ||    23
Dodge: Dodged            ||    70

Table legend:
 A = Non-vault XP
 B = Vault XP
 C = Vault XP percentage of total XP
 D = Non-vault monster count
 E = Vault monster count
 F = Vault count percentage of total count
                 A         B        C        D         E       F
            +---------+---------+-------+---------+---------+-------
      Total |      41 |       0 |   0.0 |      23 |       0 |   0.0
            +---------+---------+-------+---------+---------+-------
        D:1 |      32 |       0 |   0.0 |      19 |       0 |   0.0
        D:2 |       9 |       0 |   0.0 |       4 |       0 |   0.0
            +---------+---------+-------+---------+---------+-------
